 Dungeon Crawl Stone Soup version 0.30-a0-870-gc5d4c5acee (webtiles) character file.

Game seed: 13188607735324609452

30 Grim the Poker (level 3, -1/34 HPs)
             Began as a Naga Fighter on Mar 11, 2023.
             Slain by Terence
             ... wielding a +0 mace
              (4 damage)
             ... on level 2 of the Dungeon.
             The game lasted 00:01:48 (1246 turns).

Grim the Poker (Naga Fighter)                       Turns: 1246, Time: 00:01:48

Health: -1/34      AC:  5    Str: 20    XL:     3   Next: 18%
Magic:  3/3        EV:  7    Int:  8    God:
Gold:   96         SH:  4    Dex: 10    Spells: 2/2 levels left

rFire   . . .      SeeInvis +    a - +0 trident
rCold   + . .      Faith    .    c - +0 buckler
rNeg    . . .      Spirit   .    b - +0 scale mail
rPois   +          Reflect  .    (no helmet)
rElec   .          Rampage  .    h - +0 cloak
rCorr   .                        (no gloves)
Will    .....                    (no barding) Stlth
                                 (no amulet)
HPRegen 0.25/turn                j - ring of protection from cold
MPRegen 0.08/turn                (no ring)

@: very slow
A: AC +1, large, see invisible, deformed body, poison resistance, slowness 2,
spit poison 1, naga tail 1
a: Spit Poison


You were on level 2 of the Dungeon.
You visited 1 branch of the dungeon, and saw 2 of its levels.

You collected 96 gold pieces.

Inventory:

Hand Weapons
 a - a +0 trident (weapon)
Armour
 b - a +0 scale mail (worn)
 c - a +0 buckler (worn)
 h - a +0 cloak (worn)
Jewellery
 j - a ring of protection from cold (left hand)
 l - a ring of flight
Scrolls
 f - a scroll of butterflies {unknown}
 i - 3 scrolls of identify {unknown}
 k - a scroll of teleportation {unknown}
 n - a scroll of fear {unknown}
 o - a scroll of vulnerability {unknown}
Potions
 d - 2 potions of might
 e - a potion of brilliance {unknown}
 g - a potion of heal wounds {unknown}
 m - a potion of curing {unknown}
 p - a potion of mutation {unknown}


   Skills:
 - Level 3.0 Fighting
 * Level 3.1 Polearms
 - Level 2.4 Armour
 + Level 3.1 Shields


You had 2 spell levels left.
You didn't know any spells.
Your spell library was empty.

Dungeon Overview and Level Annotations

Branches:
Dungeon (2/15)

Altars:
Zin

Annotations:
D:2 Terence


Innate Abilities, Weirdness & Mutations

Your serpentine skin is tough. (AC +1)
You have supernaturally acute eyesight. (SInv)
Armour fits poorly on your strangely shaped body.
Your system is resistant to poisons. (rPois)
You cover ground very slowly.
You can spit poison.
You have a snake-like lower body.


Message History

Terence hits you with a +0 mace.
You hit Terence but do no damage.
Terence is heavily wounded.
Terence barely misses you.
You barely miss Terence.
Terence is heavily wounded.
Terence looks scornfully at you. Terence hits you with a +0 mace.
* * * LOW HITPOINT WARNING * * *
You hit Terence but do no damage.
Terence is heavily wounded.
Terence closely misses you.
You hit Terence.
Terence is severely wounded.
Terence hits you with a +0 mace.
* * * LOW HITPOINT WARNING * * *
Terence hits you with a +0 mace.
* * * LOW HITPOINT WARNING * * *
You barely miss Terence.
Terence is severely wounded.
You block Terence's attack.
You barely miss Terence.
Terence is severely wounded.
Terence hits you with a +0 mace.
* * * LOW HITPOINT WARNING * * *
You completely miss Terence.
Terence is severely wounded.
Terence misses you.
You completely miss Terence.
Terence is severely wounded.
You block Terence's attack.
You closely miss Terence.
Terence is severely wounded.
Terence barely misses you.
You hit Terence.
Terence is severely wounded.
Terence hits you with a +0 mace.
* * * LOW HITPOINT WARNING * * *
Terence hits you with a +0 mace.
You die...

.#
#.#.######.####.#
.## #.#.# #.# #.#
..# #.#.# #.# #.#
..# #.#<# #.# #.#
..# #.#.# ##.#
#.# ..# #.#.#
#..# #.# ..#
#.#.#####.#####.#
..#
#......(......#
...
#######@##...##
.#. #@# #.#
.......K.....#
#####.#......#
#...._...# #
#......# #......#
########


You could see Terence and a kobold.

Vanquished Creatures
  A dart slug (D:2)
  3 ball pythons
  A bat (D:1)
  3 endoplasms (D:1)
  3 giant cockroaches
  3 goblins
  A hobgoblin (D:2)
  2 quokkas (D:1)
  3 kobolds
  5 rats
25 creatures vanquished.

Notes
Turn   | Place    | Note
-------+----------+-------------------------------------------
     0 | D:1      | Grim the Naga Fighter began the quest for the Orb.
     0 | D:1      | Reached XP level 1. HP: 21/21 MP: 1/1
   254 | D:1      | Reached XP level 2. HP: 28/28 MP: 2/2
   276 | D:1      | Found a faded altar of an unknown god.
   978 | D:2      | Reached XP level 3. HP: 34/34 MP: 3/3
  1227 | D:2      | Noticed Terence
  1228 | D:2      | Found a glowing silver altar of Zin.
  1246 | D:2      | Slain by Terence

Illustrated notes

Levels and vault maps discovered:
D:1:      dpeg_arrival_lava_altar, layout_rooms, shapermc_ecumenical_altar_gd,
          minmay_fountain_box, minmay_tromino_i4
D:2:      layout_loops_ring, basic_altar, uniq_terence

Skill      XL: |  1  2 |
---------------+-------+-----
Shields        | 3 |  3.1
Polearms       | 3 |  3.1
Fighting       | |  3.0
Armour         | |  2.4

Action                     || total
---------------------------++-------
  Melee: Trident           ||    90
Ability: Spit Poison       ||     1
 Armour: Scale mail        ||    31
  Dodge: Dodged            ||    25
  Block: Buckler           ||    14

Table legend: (Time is in decaauts)
 A = Elapsed time spent in this place.
 B = Non-inter-level travel time spent in this place.
 C = Inter-level travel time spent in this place.
 D = Time resting spent in this place.
 E = Time spent auto-exploring this place.
 F = Levels seen in this place.
 G = Mean time per level.
                   A        B        C        D        E       F      G
               +--------+--------+--------+--------+--------+-----+--------+
         Total |   1671 |   1629 |     42 |     59 |   1347 |   2 |  835.5 |
       Dungeon |   1671 |   1629 |     42 |     59 |   1347 |   2 |  835.5 |
               +--------+--------+--------+--------+--------+-----+--------+

Top non-repeatable levels by time:
     D:1: 939 daAuts
     D:2: 731 daAuts
